 Dungeon Crawl Stone Soup version 0.27-a0-585-g945025970d (webtiles) character file.

Game seed: 78921093602722112

1020 Ijustatesigmund the Chopper (level 8, 0/63 HPs)
             Began as a Demonspawn Fighter on Mar 10, 2021.
             Slain by Menkaure (11 damage)
             ... on level 4 of the Dungeon.
             The game lasted 00:09:16 (4626 turns).

Ijustatesigmund the Chopper (Demonspawn Fighter)    Turns: 4626, Time: 00:09:16

Health: 0/63       AC: 13    Str: 17    XL:     8   Next: 2%
Magic:  0/8        EV:  7    Int: 10    God:
Gold:   234        SH:  9    Dex: 14    Spells: 7/7 levels left

rFire    . . .     SeeInvis .   a - +1 war axe
rCold    . . .     Faith    .   c - +0 kite shield
rNeg     . . .     Spirit   +   b - +0 chain mail
rPois    .         Reflect  .   (no helmet)
rElec    .         Harm     .   j - +2 cloak
rCorr    .         Rampage  .   (no gloves)
Will     .....                  h - +0 pair of boots
Stlth    ..........             (no amulet)
HPRegen  0.20/turn              (no ring)
MPRegen  0.22/turn              (no ring)

@: mighty
A: foul stench 1, magic shield, magic regeneration, sturdy frame 2
a: no special abilities


You were on level 4 of the Dungeon.
You visited 1 branch of the dungeon, and saw 4 of its levels.

You collected 234 gold pieces.

Inventory:

Hand Weapons
 a - a +1 war axe (weapon)
Missiles
 g - 3 throwing nets (quivered)
Armour
 b - a +0 chain mail (worn)
 c - a +0 kite shield (worn)
 h - a +0 pair of boots (worn)
 j - a +2 cloak (worn)
Scrolls
 k - 2 scrolls of teleportation
Potions
 d - a potion of attraction
 f - 2 potions of flight
 i - a potion of ambrosia
 l - a potion of cancellation
 m - a potion of lignification


   Skills:
 + Level 5.5 Fighting
 * Level 6.2 Axes
 + Level 4.3 Armour
 - Level 2.0 Dodging
 - Level 2.6 Shields


You had 7 spell levels left.
You didn't know any spells.
Your spell library was empty.

Dungeon Overview and Level Annotations

Branches:
Dungeon (4/15)
 Temple: D:4-7

Altars:
Ashenzari
Cheibriados
Dithmenos
Fedhas
The Shining One

Shops:
D:4 [

Annotations:
D:4 Menkaure


Innate Abilities, Weirdness & Mutations

You may rarely emit foul miasma when damaged in melee.
When hurt, damage is shared between your health and your magic reserves.
You regenerate magic rapidly.
Your movements are less encumbered by armour. (ER -4)


Message History

You destroy the adder skeleton!
No target in view!
No target in view!
No target in view!
No target in view!
No target in view!
No target in view!
You now have 234 gold pieces (gained 15).
p - a sedimented orange potion
There is an open door here.
Menkaure, Prince of Dust comes into view.
Menkaure shouts!
Menkaure moves out of view.
As you read the scroll of identify, it crumbles to dust.
p - a potion of degeneration Drop what? 15/52 slots (_ for help) (? for menu, Esc to quit)
You drop a potion of degeneration.
Menkaure calls on the powers of darkness!
Your body is wracked with pain!
Menkaure calls on the powers of darkness!
Your body is wracked with pain!
You are too injured to fight recklessly!
You are too injured to fight recklessly!
You are too injured to fight recklessly!
You are too injured to fight recklessly!
You are too injured to fight recklessly!
You are too injured to fight recklessly!
You are too injured to fight recklessly!
You are too injured to fight recklessly!
You are too injured to fight recklessly!
You feel much better.
Menkaure calls on the powers of darkness!
Your body is wracked with pain!
You feel very mighty all of a sudden. Menkaure hits you!
* * * LOW HITPOINT WARNING * * *
You slash Menkaure!
Menkaure is moderately damaged.
Menkaure hits you!
You die...

####### ......# #####.#
#####'###############
........(..#........#
...........#........#
..†........#...M....##
####.......#....@....#
.# #.......#.........#
.# #.......#######...#
.###.......#######!..#
...##'#####..........+
...##.##.............##
...'...'...............#
...##.##...............#
...##.#####............#


You could see Menkaure.

Vanquished Creatures
  2 ogres (D:4)
  3 phantoms (D:4)
  2 scorpions (D:4)
  2 howler monkeys (D:4)
  An orc priest (D:3)
  A bullfrog skeleton (D:4)
  A hound (D:4)
  An iguana (D:4)
  3 worker ants (D:4)
  4 orc wizards (D:3)
  6 adders
  2 adder skeletons (D:4)
  A worm (D:4)
  2 dart slugs
  3 leopard geckos
  9 orcs
  A ball python (D:4)
  A giant cockroach (D:3)
  16 goblins
  5 hobgoblins
  10 jackals
  4 quokkas
  4 bats
  7 frilled lizards
  A jackal skeleton (D:4)
  5 kobolds
  2 rats
99 creatures vanquished.

Notes
Turn   | Place    | Note
-------+----------+-------------------------------------------
     0 | D:1      | Ijustatesigmund the Demonspawn Fighter began the quest for
                  | the Orb.
     0 | D:1      | Reached XP level 1. HP: 18/18 MP: 1/1
   166 | D:1      | Reached skill level 2 in Axes
   400 | D:1      | Gained mutation: You may rarely emit foul miasma when
                  | damaged in melee. [demonic ancestry]
   400 | D:1      | Reached XP level 2. HP: 24/24 MP: 2/2
   896 | D:2      | Gained mutation: You regenerate magic rapidly. [demonic
                  | ancestry]
   896 | D:2      | Reached XP level 3. HP: 29/29 MP: 3/3
   897 | D:2      | Reached skill level 1 in Dodging
  2060 | D:3      | Found a snail-covered altar of Cheibriados.
  2083 | D:3      | Reached skill level 3 in Axes
  2091 | D:3      | Gained mutation: Your movements are slightly less
                  | encumbered by armour. (ER -2) [demonic ancestry]
  2091 | D:3      | Reached XP level 4. HP: 20/36 MP: 4/4
  2437 | D:3      | Gained mutation: When hurt, damage is shared between your
                  | health and your magic reserves. [demonic ancestry]
  2437 | D:3      | Reached XP level 5. HP: 34/42 MP: 5/5
  2581 | D:3      | Reached skill level 4 in Axes
  3344 | D:3      | Found a blossoming altar of Fedhas.
  3350 | D:3      | Found a shadowy altar of Dithmenos.
  3436 | D:4      | Reached XP level 6. HP: 44/48 MP: 4/6
  3690 | D:4      | Reached skill level 5 in Axes
  3699 | D:4      | Reached XP level 7. HP: 36/55 MP: 5/7
  3712 | D:4      | Reached skill level 5 in Fighting
  4287 | D:4      | Reached skill level 6 in Axes
  4396 | D:4      | Found Izoton's Armour Shoppe.
  4402 | D:4      | Gained mutation: Your movements are less encumbered by
                  | armour. (ER -4) [demonic ancestry]
  4402 | D:4      | Reached XP level 8. HP: 48/63 MP: 6/8
  4538 | D:4      | Found a broken altar of Ashenzari.
  4618 | D:4      | Noticed Menkaure
  4626 | D:4      | Slain by Menkaure

Illustrated notes

Levels and vault maps discovered:
D:1:      dpeg_arrival_round_a, layout_loops_ring
D:2:      kennysheep_the_goblin_king, layout_loops_cross
D:3:      layout_loops_ring, minitemple, grunt_ministairs_6,
          kennysheep_slug_shrine
D:4:      minmay_thinvault, layout_basic, kennysheep_little_box, serial_shops,
          shop, hangedman_decor_riveting, tso_metal_star, uniq_robin,
          uniq_menkaure

Skill      XL: |  1  2  3  4  5  6  7 |
---------------+----------------------+-----
Axes           | 2 3 4 5 6 |  6.2
Dodging        | 1 2 |  2.0
Fighting       | 4 5 |  5.5
Armour         | 3 4 |  4.3
Shields        | |  2.6

Action                   |  1- 3 |  4- 6 |  7- 9 || total
-------------------------+-------+-------+-------++-------
Melee: War axe           |    88 |   148 |    93 ||   329
  Use: Scroll            |     8 |     3 |     3 ||    14
       Potion            |       |     2 |     3 ||     5
Armor: Chain mail        |    57 |   116 |    61 ||   234
Dodge: Dodged            |    18 |    44 |    19 ||    81
Block: Kite shield       |    38 |    93 |    41 ||   172

Table legend: (Time is in decaauts)
 A = Elapsed time spent in this place.
 B = Non-inter-level travel time spent in this place.
 C = Inter-level travel time spent in this place.
 D = Time resting spent in this place.
 E = Time spent auto-exploring this place.
 F = Levels seen in this place.
 G = Mean time per level.
                   A        B        C        D        E       F      G
               +--------+--------+--------+--------+--------+-----+--------+
         Total |   4800 |   4688 |    112 |    859 |   3011 |   4 | 1200.0 |
       Dungeon |   4800 |   4688 |    112 |    859 |   3011 |   4 | 1200.0 |
               +--------+--------+--------+--------+--------+-----+--------+

Top non-repeatable levels by time:
     D:3: 1492 daAuts
     D:4: 1278 daAuts
     D:2: 1269 daAuts
     D:1: 760 daAuts
